AoeStats
← Yaumy

Oasis

507573651Analyzed
2v2 RM · 15d ago on Sep 18, 2026· 19m 5s· 4 players
Game mode
Random Map
Map size
Medium (4 player)
Population
200
Speed
Normal
Resources
Standard
Victory
Conquest
Starting age
Dark Age
Ending age
Imperial Age
RankedLock teamsTeams togetherTeam positionsShared explorationLock speedFull tech treeHidden civsTurbo modeCheats
Victory
Defeat
🇹🇷 Wei · Türkiye
1521
+17
🇹🇷 Ethiopians · Türkiye
1515
+17
🇫🇷 Japanese · France
1532
-17
🇫🇷 Byzantines · France
1532
-17
Smoke Monkey.Mua
3:37 Loom
10:18 Feudal Age
11:11 Man-at-Arms
12:00 Double-Bit Axe
16:33 Town Watch
16:48 Fletching
ayz1912
3:42 Loom
11:28 Feudal Age
12:07 Double-Bit Axe
14:52 Wheelbarrow
15:42 Fletching
WILLIAM WILTZ
3:35 Loom
9:57 Feudal Age
10:51 Double-Bit Axe
18:10 Fletching
Yaumy
6:48 Loom
9:54 Feudal Age
10:25 Double-Bit Axe
10:30 Man-at-Arms
16:34 Fletching
17:25 Scale Mail Armor
19:26 Forging
Connection lost

Rejoining the realm…

Still unreachable

The connection could not be restored.

Session expired

The server has moved on; the page needs a fresh start.